 Dungeon Crawl Stone Soup version 0.21.1-1-g345015fe64 (webtiles) character file.

359 FreshCat the Shield-Bearer (level 6, -2/32 HPs)
             Began as a Vine Stalker Fighter on Apr 18, 2018.
             Was an Initiate of Dithmenos.
             Killed by divine providence
             ... invoked by an orc priest
              (10 damage)
             ... on level 4 of the Dungeon.
             The game lasted 00:13:20 (2797 turns).

FreshCat the Shield-Bearer (Vine Stalker Fighter)   Turns: 2797, Time: 00:13:20

Health: -2/32      AC:  8    Str: 20    XL:     6   Next: 65%
Magic:  0/7        EV:  8    Int:  8    God:    Dithmenos [......]
Gold:   110        SH:  9    Dex: 14    Spells: 5/5 levels left

rFire    + . .     SeeInvis .   a - +0 war axe
rCold    + . .     Gourm    .   c - +0 shield
rNeg     . . .     Faith    .   b - +0 scale mail
rPois    +         Spirit   +   (no helmet)
rElec    +         Reflect  .   (no cloak)
rCorr    +         Harm     .   j - +0 pair of gloves
MR       .....                  (no boots)
Stlth    +.........             o - amulet of rage
HPRegen  0.50/turn              (no ring)
MPRegen  0.10/turn              (no ring)

@: resistant
A: fangs 2, regeneration 1, magic shield, antimagic bite, no potion heal 3, rot
immunity
a: Renounce Religion, Evoke Berserk Rage


You were on level 4 of the Dungeon.
You worshipped Dithmenos.
Dithmenos was noncommittal.
You were hungry.

You visited 1 branch of the dungeon, and saw 4 of its levels.

You collected 110 gold pieces.

Inventory:

Hand Weapons
 a - a +0 war axe (weapon)
Missiles
 g - 116 stones
 r - 3 tomahawks (quivered)
Armour
 b - a +0 scale mail (worn)
 c - a +0 shield (worn)
 j - a +0 pair of gloves (worn)
Jewellery
 e - a +3 amulet of reflection {unknown}
 h - a +1 ring of protection {unknown}
 l - a +5 amulet of reflection {unknown}
 o - an amulet of rage (around neck)
Scrolls
 k - a scroll of amnesia
 t - a scroll of blinking
Potions
 i - 2 potions of heal wounds
 s - 2 potions of haste {unknown}
 u - a potion of curing
Comestibles
 f - 9 rations
 p - 6 chunks of flesh


   Skills:
 + Level 3.1 Fighting
 + Level 3.8 Axes
 + Level 3.3 Armour
 + Level 1.1 Dodging
 * Level 2.3 Stealth
 + Level 3.9 Shields


You had 5 spell levels left.
You didn't know any spells.

Dungeon Overview and Level Annotations

Branches:
Dungeon (4/15)
 Temple: D:4-7

Altars:
Dithmenos
Gozag
Makhleb

Annotations:
D:3 Natasha


Innate Abilities, Weirdness & Mutations

You have extremely sharp teeth.
Your natural rate of healing is unusually fast.
When hurt, damage is shared between your health and your magic reserves.
Your bite disrupts and absorbs the magic of your enemies.
Potions cannot restore your health.
You are immune to rotting.


Message History

The orc priest looks braver for a moment.
The orc barely misses you.
You hit the orc but do no damage. You bite the orc, but do no damage.
The orc is severely wounded.
The orc hits you but does no damage.
You hit the orc.
You kill the orc!
Dithmenos accepts your kill. The orc priest closely misses you.
You hit the orc priest. Your bite misses the orc priest.
The orc priest is moderately wounded.
You block the orc priest's attack.
You hit the orc priest. Your bite misses the orc priest.
The orc priest is heavily wounded.
The orc priest hits you but does no damage.
You hit the orc priest.
The orc priest is severely wounded.
The orc priest mumbles some strange prayers to Beogh against you.
Beogh smites you!
You die...

#.#.# #.#.#
##.#.#
.####...[######
......#<........
######..(..######
...>...(........
#######.##.#####
#@#.#.#
.....go###..#
.....8# ###
...... .....
..... .... ..%.


You could see an orc priest and a hobgoblin.

Vanquished Creatures
  A hound (D:3)
  4 orc wizards
  Natasha (D:3)
  A worker ant (D:4)
  Terence (D:2)
  A gnoll (D:1)
  5 adders
  An adder skeleton (D:4)
  A worm (D:2)
  3 leopard geckos
  17 orcs
  4 bats
  3 giant cockroaches
  8 goblins
  5 hobgoblins
  4 jackals (D:1)
  2 quokkas (D:2)
  2 frilled lizards
  5 kobolds
  4 rats
  A plant (D:2)
74 creatures vanquished.

Notes
Turn   | Place    | Note
-------+----------+-------------------------------------------
     0 | D:1      | FreshCat the Vine Stalker Fighter began the quest for the Orb.
     0 | D:1      | Reached XP level 1. HP: 11/11 MP: 2/2
   291 | D:1      | Reached XP level 2. HP: 13/16 MP: 1/3
   649 | D:1      | Reached XP level 3. HP: 18/19 MP: 2/4
  1535 | D:2      | Found an opulent altar of Gozag.
  1541 | D:2      | Gained mutation: Your natural rate of healing is unusually fast. [Vine Stalker growth]
  1541 | D:2      | Reached XP level 4. HP: 23/23 MP: 5/5
  1780 | D:2      | Noticed Terence
  1789 | D:2      | Killed Terence
  2164 | D:3      | Reached XP level 5. HP: 28/28 MP: 3/6
  2257 | D:3      | Reached skill level 1 in Stealth
  2316 | D:3      | Found a shadowy altar of Dithmenos.
  2321 | D:3      | Noticed Natasha
  2328 | D:3      | Killed Natasha
  2328 | D:3      | Reached skill level 1 in Dodging
  2328 | D:3      | Reached XP level 6. HP: 29/32 MP: 5/7
  2330 | D:3      | Became a worshipper of Dithmenos the Shadowed
  2357 | D:4      | Found the +8 demon blade "Bloodbane" {slice, *Rage +Rage Stlth-}
  2458 | D:3      | Found a burning altar of Makhleb.
  2682 | D:3      | Noticed Natasha
  2797 | D:4      | Killed from afar by an orc priest

Skill      XL: |  1  2  3  4  5  6 |
---------------+-------------------+-----
Axes           | 2 3 |  3.8
Shields        | 3 |  3.9
Fighting       | 3 |  3.1
Armour         | 3 |  3.3
Stealth        | 1 2 |  2.3
Dodging        | 1 |  1.1

Action                   |  1- 3 |  4- 6 || total
-------------------------+-------+-------++-------
Melee: War axe           |    80 |   160 ||   240
       Bite              |    13 |    55 ||    68
  Use: Scroll            |     4 |     1 ||     5
       Potion            |     2 |     4 ||     6
  Eat: Chunk             |     2 |     4 ||     6
Armor: Scale mail        |    54 |    69 ||   123
Dodge: Dodged            |    39 |    63 ||   102
Block: Shield            |    54 |    94 ||   148
